AoeStats
← <johnny>bravo

Four Lakes

509795362Analyzed
1v1 RM · 3d ago on Sep 28, 2026· 47m 7s· 2 players
Game mode
Random Map
Map size
Tiny (2 player)
Population
200
Speed
Normal
Resources
Standard
Victory
Conquest
Starting age
Dark Age
Ending age
Imperial Age
RankedLock teamsTeams togetherTeam positionsShared explorationLock speedFull tech treeHidden civsTurbo modeCheats
Victory
Defeat
🇩🇪 Franks · Germany
692
+18
🇺🇸 Britons · United States
725
-18
HOOD
11:00 Feudal Age
11:57 Double-Bit Axe
11:39 Man-at-Arms
17:25 Fishing Lines
22:24 Castle Age
21:23 Fletching
23:12 Gillnets
23:33 Bodkin Arrow
24:27 Bow Saw
28:07 Wheelbarrow
29:27 Forging
30:21 Gold Mining
33:13 Hand Cart
37:56 Imperial Age
37:44 Masonry
38:55 Gold Shaft Mining
40:25 Chemistry
40:57 Conscription
42:25 Iron Casting
41:47 Cavalier
44:54 Scale Barding Armor
44:51 Husbandry
46:14 Blast Furnace
<johnny>bravo
6:01 Loom
12:06 Feudal Age
12:57 Double-Bit Axe
13:30 Fishing Lines
19:04 Castle Age
19:42 Forging
19:24 Fletching
20:41 Gillnets
20:54 Crossbowman
22:09 Bodkin Arrow
23:19 Wheelbarrow
23:44 Stone Mining
27:33 Bow Saw
27:42 Hand Cart
28:42 Town Watch
34:43 Imperial Age
33:09 Gold Mining
38:05 Conscription
38:23 Hoardings
38:49 Ballistics
38:26 Murder Holes
39:32 Chemistry
38:43 Masonry
38:35 Bracer
38:44 Siege Engineers
39:57 Yeomen
39:14 Elite Longbowman
42:33 Padded Archer Armor
42:38 Warwolf
43:55 Leather Archer Armor
44:16 Architecture
45:48 Two-Man Saw
45:57 Pikeman
46:38 Squires
46:23 Arson
Connection lost

Rejoining the realm…

Still unreachable

The connection could not be restored.

Session expired

The server has moved on; the page needs a fresh start.